 Dungeon Crawl Stone Soup version 0.18-a0-1454-g5e6cd1e (webtiles) character file.

196114 Eptagon the Shatterer (level 18, -4/236 HPs)
             Began as an Ogre Berserker on Feb 29, 2016.
             Was the Champion of Trog.
             Slain by a wolf spider (10 damage)
             ... on level 3 of the Spider Nest on Mar 1, 2016.
             The game lasted 01:34:03 (41593 turns).

Eptagon the Shatterer (Ogre Berserker)             Turns: 41593, Time: 01:34:03

Health: -4/236     AC:  9    Str: 31    XL:     18   Next: 36%
Magic:  6/6        EV: 11    Int:  6    God:    Trog [******]
Gold:   2535       SH:  0    Dex: 15    Spells: 0 memorised, 17 levels left

rFire  + + .     SeeInvis .     a - +8 giant club (antimagic)
rCold  + . .     Gourm    .     g - +4 gold dragon armour "Gassus" {rPois rF+ rC+ MR+ Str+4 Stlth+}
rNeg   + . .     Faith    +     (shield currently unavailable)
rPois  +         Spirit   .     Q - +0 hat
rElec  .         Dismiss  .     J - +2 cloak
rCorr  .         Reflect  .     (gloves unavailable)
SustAt .         Harm     .     (boots unavailable)
MR     ++++.                    F - amulet of faith
Stlth  ..........               q - ring of protection from fire
                                L - ring of positive energy

@: lethally poisoned (-4 -> -16), corroded equipment, regenerating, incredibly
resistant to hostile enchantments, extremely unstealthy
A: unfitting armour, robust 1, tough skin 1
a: Berserk, Trog's Hand, Brothers in Arms, Burn Spellbooks, Renounce Religion
}: 1/15 runes: decaying


You were on level 3 of the Spider Nest.
You worshipped Trog.
Trog was exalted by your worship.
You were very hungry.

You visited 5 branches of the dungeon, and saw 32 of its levels.

You collected 3163 gold pieces.
You spent 628 gold pieces at shops.

Inventory:

Hand Weapons
 a - a +8 antimagic giant club (weapon)
 b - a +1 blowgun
 G - the +7 giant spiked club "Killer Bee's Doom" {freeze, +Inv Int+4}
   (Trog gifted it to you on level 4 of the Lair of Beasts)

   It has been specially enchanted to freeze those struck by it, causing extra
   injury to most foes and up to half again as much damage against particularly
   susceptible opponents.
   It can also slow down cold-blooded creatures.
   It affects your intelligence (+4).
   It lets you turn invisible.
 R - the +4 giant spiked club of Lueqiegh {holy, Str+4 Int-5 Dex+3}
   (Trog gifted it to you on level 2 of the Swamp)

   It has been blessed by the Shining One to cause great damage to the undead
   and demons.
   It affects your strength (+4).
   It affects your intelligence (-5).
   It affects your dexterity (+3).
Missiles
 m - 25 large rocks (quivered)
 r - 63 poisoned needles
Armour
 g - the +4 gold dragon armour "Gassus" (worn) {rPois rF+ rC+ MR+ Str+4 Stlth+}
   (You acquired it on level 2 of the Orcish Mines)

   It affects your strength (+4).
   It protects you from fire.
   It protects you from cold.
   It protects you from poison.
   It affects your resistance to hostile enchantments.
   It makes you more stealthy.
 J - a +2 cloak (worn)
 Q - a +0 hat (worn)
Jewellery
 q - a ring of protection from fire (right hand)
 v - an uncursed ring of flight
 F - an amulet of faith (around neck)
 L - a ring of positive energy (left hand)
Wands
 w - a wand of lightning (2/15)
 C - a wand of lightning (9/15)
 H - a wand of teleportation (6/9)
 I - a wand of lightning (1/15)
 K - a wand of digging (23/24)
 M - a wand of iceblast (2/15)
Scrolls
 i - 6 scrolls of remove curse
 j - 13 scrolls of teleportation
 l - a scroll of holy word
 s - a scroll of summoning
 t - 4 scrolls of identify
 u - 6 scrolls of fog
 x - 2 scrolls of enchant armour
 y - 3 scrolls of recharging
 N - 4 scrolls of magic mapping
 O - a scroll of blinking
 P - a scroll of silence
Potions
 e - 6 potions of haste
 h - a potion of cancellation
 n - 4 potions of flight
 o - 4 potions of agility
 p - 3 potions of might
 A - 6 potions of cure mutation
 B - 4 potions of invisibility
 D - 2 potions of resistance
Comestibles
 c - 15 bread rations
 f - 13 meat rations
 k - 12 royal jellies
 z - 7 fruits
 E - 12 slices of pizza


   Skills:
 + Level 21.2 Fighting
 + Level 23.5 Maces & Flails
 + Level 8.5 Armour
 - Level 15.0 Dodging


You had 17 spell levels left.
You didn't know any spells.

Dungeon Overview and Level Annotations

Branches:
Dungeon (15/15)            Temple (0/1) D:6            Lair (8/8) D:11
  Swamp (4/4) Lair:4       Spider (3/4) Lair:6        Slime (0/6) Lair:8
    Orc (2/2) D:11            Elf (0/3) Orc:2        Vaults (0/5) D:13
 Depths (0/5) D:15

Altars:
Dithmenos
Elyvilon
Makhleb
Ru

Shops:
D:4 *   Orc:2 ?}(:


Innate Abilities, Weirdness & Mutations

You are too large for most types of armour.
You have tough skin (AC +1).
You are robust (+10% HP).


Message History

The wolf spider hits you but does no damage.
The wolf spider barely misses you. The redback bites you.
* * * LOW HITPOINT WARNING * * *
The wolf spider hits you!
* * * LOW HITPOINT WARNING * * *
The wolf spider bites you!
* * * LOW HITPOINT WARNING * * *
You are lethally poisoned!
The wolf spider poisons you!
Drink which item? (? for menu, Esc to quit)
Okay, then.
Your skin crawls.
You feel resistant to hostile enchantments.
You feel slightly more hungry.
* * * LOW HITPOINT WARNING * * *
You feel very sick. The redback bites you.
* * * LOW HITPOINT WARNING * * *
The wolf spider completely misses you. The wolf spider bites you!
You die...

. ... ##.........#####
.. ..##........ #.....
.s#..........# #.....
#...#......# ##.....
..#......###......
#.^....###.....^. .
#.C..............
...#####s...####........
.......@s#.## #........
.........### .........
..........#### ........†
.........#...# #.......†
.........#.### ##.......
...........# #####......
....##.....###.####.....
.... #...^.#.....###....
..^ ##...........##..##


You could see a wolf spider, a redback and a friendly hill giant (berserk).

Vanquished Creatures
  A bone dragon (Swamp:4)
  A thorn hunter (Swamp:2)
  Maud (Lair:5)
  Louise (Swamp:4)
  An orc warlord (Orc:1)
  An emperor scorpion (Spider:2)
  The ghost of Somebody the Gelid, a journeyman NaIE of Vehumet (D:14)
  Nessos (D:13)
  A spark wasp (Spider:1)
  Josephine (D:11)
  2 fire dragons (D:15)
  An ice dragon (Lair:8)
  A rakshasa (D:15)
  4 entropy weavers
  4 ghost crabs
  11 hydras
  Erica (D:8)
  3 centaur warriors
  2 dancing weapons (D:13)
  12 alligators
  5 death yaks
  2 orc high priests
  An unseen horror (shapeshifter) (D:13)
  2 spriggan druids (Swamp:4)
  3 unseen horrors
  4 spectral hydras (Swamp:4)
  4 swamp dragons
  Pikel (D:8)
  5 hill giants
  5 shambling mangroves
  2 lindwurms (Lair:8)
  A phantasmal warrior (Swamp:4)
  10 orb spiders
  8 wolf spiders
  An oklob plant (Swamp:4)
  A manticore (D:11)
  6 hornets
  12 ugly things
  4 orc sorcerers (Orc:2)
  7 cyclopes
  2 griffons
  26 elephants
  3 black mambas
  7 torpor snails
  19 spiny frogs
  2 gargoyles
  Psyche (D:8)
  2 centaur skeletons
  A redback zombie (D:14)
  14 komodo dragons
  3 kobold demonologists (D:15)
  5 swamp worm zombies (Swamp:4)
  An efreet (D:13)
  7 demonic crawlers
  2 hydra zombies (Swamp:4)
  6 trolls
  13 jumping spiders
  10 giant leeches
  7 polar bears (Lair:8)
  A polar bear (shapeshifter) (D:13)
  A boulder beetle (Lair:7)
  A raiju (Lair:8)
  10 bog bodies
  30 slime creatures
  4 alligator zombies (Swamp:4)
  33 blink frogs
  3 spectral swamp dragons (Swamp:4)
  A centaur simulacrum (D:15)
  Sigmund (D:4)
  10 spriggans
  25 tarantellas
  4 wraiths (D:11)
  3 water elementals (D:14)
  3 basilisks
  38 redbacks
  Eustachio (D:5)
  79 yaks
  11 vampire mosquitoes
  11 hippogriffs
  A wyvern (Lair:3)
  2 hungry ghosts
  A human (D:8)
  2 mottled dragons
  22 swamp worms
  24 wolves
  10 insubstantial wisps (Swamp:4)
  6 wargs (Lair:8)
  The ghost of Potsanchik the Gusty, an amateur HEAE (D:4)
  10 porcupines
  12 water moccasins
  A hell hound (Lair:8)
  4 slaves (D:8)
  5 ice beasts
  37 orc warriors
  3 swamp drakes
  11 phantoms
  A sky beast (D:6)
  5 ogres
  15 black bears
  5 swamp dragon zombies (Swamp:4)
  A necrophage (D:9)
  An eye of draining (D:13)
  21 wasps
  4 centaurs
  10 crocodiles
  3 big kobolds (D:10)
  15 giant frogs
  A gnoll sergeant (D:5)
  A wyvern zombie (D:12)
  A water moccasin zombie (D:7)
  19 killer bees
  2 scorpions
  2 howler monkeys (D:8)
  17 wights
  5 electric eels
  3 crimson imps
  5 jellies
  18 hounds
  23 orc priests
  4 centaur zombies
  A gnoll shaman (D:9)
  A giant frog skeleton (D:13)
  30 orc wizards
  Crazy Yiuf (D:2)
  Jessica (D:2)
  Natasha (thrice) (D:2)
  10 iguanas
  11 worker ants
  30 sheep
  A hound zombie (D:10)
  2 hound skeletons
  A howler monkey zombie (D:5)
  16 gnolls
  14 adders
  92 river rats
  3 shadow imps
  An ooze (D:1)
  An adder zombie (D:6)
  3 adder skeletons
  19 worms
  3 dart slugs
  2 giant geckos
  122 orcs
  2 ball pythons
  18 bats
  4 giant cockroaches
  7 hobgoblins
  21 jackals
  4 quokkas
  A giant cockroach zombie (D:5)
  A giant gecko skeleton (D:4)
  4 giant newts
  7 goblins
  20 kobolds
  24 rats
  A briar patch (Swamp:2)
  A fungus (D:11)
  5 plants
1358 creatures vanquished.

Vanquished Creatures (collateral kills)
  A hydra (Lair:6)
  6 death yaks
  A spectral hydra (Swamp:4)
  A polar bear (Lair:8)
  A raiju (Lair:8)
  5 yaks (Lair:8)
  A warg (Lair:8)
  2 hell hounds (Lair:8)
  A hell rat (Lair:6)
  A river rat (Lair:6)
20 creatures vanquished.

Vanquished Creatures (others)
  A spiny frog (shapeshifter) (D:13)
  A tarantella (Spider:1)
  A wyvern (D:8)
  2 spriggans (Swamp:4)
  2 insubstantial wisps (Swamp:4)
  A wasp (Swamp:4)
  A hound (Lair:8)
  A bush (Lair:8)
  17 fungi
  7 plants (Lair:8)
34 creatures vanquished.

Grand Total: 1412 creatures vanquished

Notes
Turn   | Place    | Note
--------------------------------------------------------------
     0 | D:1      | Eptagon the Ogre Berserker began the quest for the Orb.
     0 | D:1      | Reached XP level 1. HP: 24/24 MP: 1/1
   115 | D:1      | Reached XP level 2. HP: 24/32 MP: 2/2
   288 | D:1      | Reached skill level 5 in Maces & Flails
   597 | D:1      | Reached XP level 3. HP: 31/39 MP: 3/3
  1069 | D:2      | Reached ** piety under Trog
  1176 | D:2      | Reached skill level 6 in Maces & Flails
  1396 | D:2      | Reached XP level 4. HP: 40/48 MP: 4/4
  1626 | D:2      | Noticed Crazy Yiuf
  1634 | D:2      | Killed Crazy Yiuf
  1691 | D:2      | Reached skill level 7 in Maces & Flails
  1767 | D:2      | Noticed Natasha
  1776 | D:2      | Killed Natasha
  1776 | D:2      | Reached XP level 5. HP: 18/54 MP: 5/5
  2111 | D:2      | Noticed Natasha
  2123 | D:2      | Killed Natasha
  2298 | D:2      | Noticed Natasha
  2302 | D:2      | Killed Natasha
  2302 | D:2      | Reached skill level 8 in Maces & Flails
  2498 | D:2      | Noticed Jessica
  2504 | D:2      | Killed Jessica
  2736 | D:3      | Reached XP level 6. HP: 55/62 MP: 6/6
  3096 | D:3      | Reached *** piety under Trog
  3188 | D:3      | Reached skill level 9 in Maces & Flails
  3317 | D:4      | Noticed Sigmund
  3324 | D:4      | Killed Sigmund
  3395 | D:4      | Reached XP level 7. HP: 70/70 MP: 7/7
  3398 | D:4      | Reached skill level 10 in Maces & Flails
  3442 | D:4      | Noticed Potsanchik's ghost (amateur HEAE)
  3457 | D:4      | Killed Potsanchik's ghost
  3524 | D:4      | Found Pemarchu's General Store.
  3532 | D:4      | Bought a scroll of teleportation for 30 gold pieces
  3532 | D:4      | Bought a potion of degeneration for 10 gold pieces
  3536 | D:4      | Gained mutation: You are robust (+10% HP). [potion of beneficial mutation]
  3981 | D:5      | Entered Level 5 of the Dungeon
  3988 | D:5      | Reached skill level 11 in Maces & Flails
  4520 | D:5      | Noticed Eustachio
  4532 | D:5      | Killed Eustachio
  4532 | D:5      | Reached skill level 12 in Maces & Flails
  4532 | D:5      | Reached XP level 8. HP: 70/85 MP: 8/8
  5083 | D:5      | Reached skill level 13 in Maces & Flails
  5612 | D:6      | Found a staircase to the Ecumenical Temple.
  5680 | D:6      | Reached skill level 14 in Maces & Flails
  5849 | D:6      | Reached XP level 9. HP: 92/92 MP: 9/9
  5906 | D:6      | Reached **** piety under Trog
  6460 | D:7      | Reached skill level 15 in Maces & Flails
  6570 | D:7      | Found a white marble altar of Elyvilon.
  6691 | D:7      | Reached skill level 16 in Maces & Flails
  7102 | D:7      | Reached XP level 10. HP: 73/101 MP: 10/10
  7313 | D:8      | Noticed Pikel
  7323 | D:8      | Killed Pikel
  7323 | D:8      | Reached skill level 17 in Maces & Flails
  7738 | D:8      | Noticed Erica
  7747 | D:8      | Killed Erica
  7747 | D:8      | Reached skill level 18 in Maces & Flails
  7915 | D:8      | Noticed Psyche
  7917 | D:8      | Killed Psyche
  7996 | D:8      | Reached skill level 5 in Fighting
  8570 | D:9      | Found a burning altar of Makhleb.
  8599 | D:9      | Received a gift from Trog
  8763 | D:10     | Entered Level 10 of the Dungeon
  8780 | D:10     | Reached XP level 11. HP: 111/119 MP: 11/11
  8782 | D:10     | Reached skill level 5 in Dodging
  8963 | D:10     | Reached ***** piety under Trog
 10081 | D:11     | Received a gift from Trog
 10232 | D:11     | Noticed a manticore
 10240 | D:11     | Killed a manticore
 10699 | D:11     | Noticed Josephine
 10714 | D:11     | Killed Josephine
 10714 | D:11     | Reached skill level 10 in Fighting
 11299 | D:11     | Found a staircase to the Orcish Mines.
 11303 | D:11     | Received a gift from Trog
 11304 | D:11     | Got a transparent giant club {god gift}
 11305 | D:11     | Identified the +5 giant club of Slow Death {crush, Str+6} (Trog gifted it to you on level 11 of the Dungeon)
 11377 | D:11     | Noticed a green ugly thing
 11421 | D:11     | Found a staircase to the Lair.
 11496 | D:11     | Killed a green ugly thing
 11672 | Lair:1   | Entered Level 1 of the Lair of Beasts
 12551 | Lair:1   | Reached XP level 12. HP: 140/143 MP: 12/12
 14536 | Lair:3   | Reached ****** piety under Trog
 15665 | Lair:3   | Reached skill level 10 in Dodging
 15779 | Lair:4   | Received a gift from Trog
 16241 | Lair:4   | Reached XP level 13. HP: 160/160 MP: 13/13
 16316 | Lair:4   | Received a gift from Trog
 16317 | Lair:4   | Got a bloodstained giant spiked club {god gift}
 16318 | Lair:4   | Identified the +7 giant spiked club "Killer Bee's Doom" {freeze, +Inv Int+4} (Trog gifted it to you on level 4 of the Lair of Beasts)
 16639 | Lair:4   | Got a polished lajatang
 16640 | Lair:4   | Identified the cursed +1 lajatang "Didon" {pain, *Corrode rElec rC+ Str+6} (You found it on level 4 of the Lair of Beasts)
 17002 | Lair:4   | Found a staircase to the Swamp.
 18333 | Lair:5   | Received a gift from Trog
 18334 | Lair:5   | Got an ancient giant spiked club {god gift}
 18335 | Lair:5   | Identified the +6 giant spiked club "Ilieby" {drain, Int+3} (Trog gifted it to you on level 5 of the Lair of Beasts)
 18346 | Lair:5   | Reached skill level 15 in Fighting
 18739 | Lair:5   | Reached skill level 19 in Maces & Flails
 19042 | Lair:5   | Noticed Maud
 19056 | Lair:5   | Killed Maud
 19477 | Lair:6   | Reached XP level 14. HP: 79/177 MP: 14/14
 20028 | Lair:6   | Received a gift from Trog
 20737 | Lair:6   | Found a hole to the Spider Nest.
 21445 | Lair:7   | Received a gift from Trog
 22517 | Lair:8   | Entered Level 8 of the Lair of Beasts
 22540 | Lair:8   | Reached skill level 20 in Maces & Flails
 22976 | Lair:8   | Received a gift from Trog
 22995 | Lair:8   | HP: 4/179 [death yak (26)]
 23532 | Lair:8   | Found a staircase to the Slime Pits.
 24425 | Lair:8   | Received a gift from Trog
 24429 | Lair:8   | Reached XP level 15. HP: 170/191 MP: 15/15
 24661 | Lair:8   | Found a runed door.
 25224 | Lair:8   | Received a gift from Trog
 25708 | Orc:1    | Entered Level 1 of the Orcish Mines
 25914 | Orc:1    | Noticed an orc warlord
 26242 | Orc:1    | Killed an orc warlord
 26318 | Orc:1    | Received a gift from Trog
 26429 | Orc:2    | Entered Level 2 of the Orcish Mines
 26497 | Orc:2    | Found a staircase to the Elven Halls.
 26592 | Orc:2    | Reached skill level 21 in Maces & Flails
 26839 | Orc:2    | Found Liadez's Gadget Shoppe.
 26839 | Orc:2    | Found Netiw's Magic Scroll Shoppe.
 26841 | Orc:2    | Found Baraisch's Antique Weapon Emporium.
 26844 | Orc:2    | Found Watageoh's Book Emporium.
 26910 | Orc:2    | Bought a scroll of identify for 34 gold pieces
 26910 | Orc:2    | Bought a scroll of identify for 34 gold pieces
 26910 | Orc:2    | Bought a scroll of identify for 34 gold pieces
 26910 | Orc:2    | Bought a scroll of identify for 34 gold pieces
 26910 | Orc:2    | Bought a scroll of fog for 34 gold pieces
 26910 | Orc:2    | Bought a scroll of fog for 34 gold pieces
 26910 | Orc:2    | Bought a scroll of magic mapping for 59 gold pieces
 26910 | Orc:2    | Identified a scroll of acquirement
 26914 | Orc:2    | Got a faintly humming gold dragon armour
 26925 | Orc:2    | Identified the +4 gold dragon armour "Gassus" {rPois rF+ rC+ MR+ Str+4 Stlth+} (You acquired it on level 2 of the Orcish Mines)
 27097 | Orc:2    | Received a gift from Trog
 27618 | D:12     | Reached skill level 1 in Armour
 28451 | D:13     | Found a sacrificial altar of Ru.
 28612 | D:13     | Received a gift from Trog
 28643 | D:13     | Noticed Nessos
 28665 | D:13     | Killed Nessos
 29073 | D:13     | Found a gate to the Vaults.
 29415 | D:14     | Noticed Somebody's ghost (journeyman NaIE)
 29429 | D:14     | Reached XP level 16. HP: 154/206 MP: 5/16
 29459 | D:14     | Killed Somebody's ghost
 30691 | D:14     | Received a gift from Trog
 30836 | D:15     | Entered Level 15 of the Dungeon
 31384 | D:15     | Found a staircase to the Depths.
 31529 | D:15     | Found a shadowy altar of Dithmenos.
 32010 | D:4      | Bought a scroll of enchant armour for 75 gold pieces
 32010 | D:4      | Bought a potion of cure mutation for 250 gold pieces
 32259 | Swamp:1  | Entered Level 1 of the Swamp
 32668 | Swamp:1  | Upgraded the game from 0.18-a0-1436-gfa8758d to 0.18-a0-1454-g5e6cd1e
 33078 | Swamp:1  | Reached skill level 22 in Maces & Flails
 33178 | Swamp:2  | Received a gift from Trog
 33178 | Swamp:2  | Reached skill level 5 in Armour
 33179 | Swamp:2  | Got a jewelled giant spiked club {god gift}
 33180 | Swamp:2  | Identified the +4 giant spiked club of Lueqiegh {holy, Str+4 Int-5 Dex+3} (Trog gifted it to you on level 2 of the Swamp)
 33453 | Swamp:2  | Noticed a thorn hunter
 33462 | Swamp:2  | Killed a thorn hunter
 34050 | Swamp:2  | Reached XP level 17. HP: 52/217 MP: 5/17
 35487 | Swamp:3  | Received a gift from Trog
 35625 | Swamp:4  | Entered Level 4 of the Swamp
 36456 | Swamp:4  | Reached skill level 15 in Dodging
 36888 | Swamp:4  | Noticed a bone dragon
 36905 | Swamp:4  | Killed a bone dragon
 37340 | Swamp:4  | Got a decaying rune of Zot
 37419 | Swamp:4  | Noticed Louise
 37439 | Swamp:4  | Killed Louise
 37442 | Swamp:4  | Got a twisted large shield
 37462 | Swamp:4  | Identified the cursed +0 large shield of Complete Protection {MP+9} (You took it off Louise on level 4 of the Swamp)
 38662 | Swamp:4  | Received a gift from Trog
 39004 | Spider:1 | Entered Level 1 of the Spider Nest
 39129 | Spider:1 | Reached skill level 23 in Maces & Flails
 39486 | Spider:1 | Received a gift from Trog
 39758 | Spider:1 | Reached XP level 18. HP: 234/234 MP: 6/18
 40820 | Spider:2 | Received a gift from Trog
 41593 | Spider:3 | HP: 11/236 [poisoned by a wolf spider]
 41593 | Spider:3 | Slain by a wolf spider

Vault maps used:
D:1:      minmay_arrival_plants_in_alcoves
D:2:      uniq_natasha, uniq_crazy_yiuf_cottage, uniq_jessica
D:3:      first_bread
D:4:      serial_shops, nicolae_shop_temple_entry_statues_fountains,
          uniq_sigmund
D:5:      serial_bayou, serial_bayou_pond_b, serial_bayou_lake_a,
          serial_bayou_ford_a, serial_bayou_lagoon_a, minmay_stone_trees_medium,
          uniq_eustachio
D:7:      overflow_temple_1_default, minmay_item_behind_shaft,
          minmay_misc_feat_x, minivault_24
D:8:      grunt_pizzeria, uniq_psyche, uniq_erica, uniq_pikel
D:9:      makhleb_blood_cavern_becter
D:11:     grunt_lair_entry_orc_guard_hut, hiddenorc1_lemuel,
          statue_in_the_mist_lemuel, uniq_josephine
D:13:     erik_vaults_1, nicolae_ru_awakened_eye, uniq_nessos
D:14:     special_room, corexii_hall_statues_l
D:15:     grunt_enter_depths_hoard, hangedman_decor_riveting,
          nicolae_dithmenos_shadow_blocks
Lair:2:   grunt_megastairs_2
Lair:4:   nicolae_swamp_entry_splash_gauntlet
Lair:5:   uniq_maud
Lair:6:   kennysheep_abandoned_house, dummy_spider_entry
Lair:8:   wormcave, hangedman_lair_caniforms_friends, minmay_slime_entry_pillars
Swamp:1:  nicolae_swamp_dense_foliage
Swamp:2:  evilmike_swamp_ruin_house_3
Swamp:3:  infiniplex_staircase_pool
Swamp:4:  swamp_pestilence, swamp_pool4, hangedman_swamp_lotus,
          infiniplex_staircase_pool_2, uniq_louise
Spider:1: hangedman_spider_tarantella_strand
Spider:3: nicolae_spider_webbed_stairs
Orc:1:    nicolae_orc_tapped_out, uniq_harold
Orc:2:    st_orc_mages, guppyfry_library_mini

Skill      XL: |  1  2  3  4  5  6  7  8  9 10 11 12 13 14 15 16 17 18 |
---------------+-------------------------------------------------------+-----
Maces & Flails | 5 6 7 8 9 12 14 16 18 19 20 21 22 23 | 23.5
Dodging        | 4 8 10 11 13 14 15 | 15.0
Fighting       | 7 11 14 15 17 18 19 20 21 | 21.2
Armour         | 2 5 7 8 |  8.5

Action                   |  1- 3 |  4- 6 |  7- 9 | 10-12 | 13-15 | 16-18 || total
-------------------------+-------+-------+-------+-------+-------+-------++-------
Melee: Mace              |   100 |   172 |     8 |       |       |       ||   280
       Giant club        |       |       |   256 |   753 |  1157 |  1205 ||  3371
       Flail             |       |       |    14 |       |       |       ||    14
       Giant spiked club |       |       |       |       |     1 |       ||     1
 Fire: Blowgun           |       |       |       |       |     2 |       ||     2
Throw: Large rock        |       |       |       |       |       |    22 ||    22
Invok: Berserk           |     2 |     6 |     8 |    19 |    18 |     3 ||    56
       Trog's Hand       |       |       |     1 |     1 |     3 |     4 ||     9
       Brothers in Arms  |       |       |       |       |     4 |     2 ||     6
Evoke: Wand              |       |       |       |       |     6 |    14 ||    20
  Use: Scroll            |     1 |     1 |    11 |    12 |    23 |    10 ||    58
       Potion            |       |       |     1 |       |     5 |     9 ||    15
 Stab: Sleeping          |     1 |       |     2 |     5 |     5 |       ||    13
       Distracted        |       |       |       |     1 |       |       ||     1
  Eat: Chunk             |     4 |    11 |    18 |    46 |    59 |    33 ||   171
       Pizza             |       |       |     2 |       |       |     1 ||     3
       Royal jelly       |       |       |       |     2 |     1 |       ||     3
       Fruit             |       |       |       |       |     2 |     1 ||     3
       Beef jerky        |       |       |       |       |     1 |     5 ||     6
